 Dungeon Crawl Stone Soup version 0.28-b1-1-g3c77fb2ed1 (webtiles) character file.

Game seed: 10162408831972346414

2849 McKennaii the Destroyer (level 9, -12/62 HPs)
             Began as a Demigod Conjurer on Jan 28, 2022.
             Mangled by a white ugly thing (26 damage)
             ... on level 7 of the Dungeon.
             The game lasted 00:14:20 (9162 turns).

McKennaii the Destroyer (Demigod Conjurer)          Turns: 9162, Time: 00:14:20

Health: -12/62     AC:  4    Str:  8    XL:     9   Next: 22%
Magic:  3/23       EV: 12    Int: 32    God:
Gold:   279        SH:  5    Dex: 12    Spells: 14/21 levels left

rFire   + . .      SeeInvis .   z - +5 flail (protect)
rCold   . . .      Faith    .   n - orb {*channel}
rNeg    . . .      Spirit   .   a - +0 robe
rPois   .          Reflect  +   (no helmet)
rElec   .          Harm     .   (no cloak)
rCorr   .          Rampage  .   v - +1 pair of gloves
Will    .....                   (no boots)
Stlth   ++........              c - amulet of reflection
HPRegen 0.20/turn               l - ring of protection from fire
MPRegen 0.18/turn               (no ring)

@: no status effects
A: high mp 1, forlorn, divine attributes
a: no special abilities


You were on level 7 of the Dungeon.
You visited 1 branch of the dungeon, and saw 7 of its levels.

You collected 292 gold pieces.
You spent 13 gold pieces at shops.

Inventory:

Hand Weapons
 z - a +5 flail of protection (weapon)
Armour
 a - a +0 robe (worn)
 n - an orb of energy (worn)
 v - a +1 pair of gloves (worn)
 y - a +1 scale mail of fire resistance
Jewellery
 c - an amulet of reflection (around neck)
 l - a ring of protection from fire (left hand)
 p - a +4 ring of evasion
Wands
 j - a wand of flame (15)
Scrolls
 e - 7 scrolls of identify {unknown}
 h - a scroll of vulnerability {unknown}
 i - a scroll of silence {unknown}
 m - a scroll of fear {unknown}
 o - 3 scrolls of teleportation {unknown}
 q - a scroll of noise {unknown}
 r - a scroll of amnesia {unknown}
 w - a scroll of immolation {unknown}
 x - a scroll of enchant armour {unknown}
 C - a scroll of magic mapping {unknown}
 D - a scroll of fog {unknown}
Potions
 b - 2 potions of haste {unknown}
 d - 2 potions of attraction {unknown}
 f - a potion of brilliance {unknown}
 g - 3 potions of might {unknown}
 k - a potion of resistance
 s - 3 potions of lignification {unknown}
 t - a potion of invisibility {unknown}
 u - a potion of mutation {unknown}
 A - a potion of magic {unknown}
 B - a potion of flight {unknown}


   Skills:
 - Level 1.7 Dodging
 - Level 1.7 Stealth
 + Level 6.9 Spellcasting
 + Level 8.2 Conjurations
 - Level 6.0 Evocations


You had 14 spell levels left.
You knew the following spells:

 Your Spells              Type           Power      Damage    Failure   Level
a - Magic Dart            Conj           100%       1d8       1%          1
b - Searing Ray           Conj           100%       2d8       1%          2
c - Iskenderun's Mystic   Conj/Tloc      37%        2d9       8%          4

Your spell library contained the following spells:

 Spells                   Type           Power      Damage    Failure   Level
 Foxfire                  Conj/Fire      100%       2x1d9     1%          1
 Shock                    Conj/Air       100%       1d9       1%          1
 Conjure Flame            Conj/Fire      37%        6-21      2%          3
 Dazzling Flash           Conj/Hex       74%        N/A       2%          3
 Summon Small Mammal      Summ           44%        N/A       4%          1
 Corpse Rot               Necr/Air       22%        N/A       6%          2
 Poisonous Vapours        Pois/Air       22%        N/A       6%          2
 Flame Wave               Conj/Fire      37%        2d9       8%          4
 Fulminant Prism          Conj/Hex       18%        3d11      8%          4
 Call Canine Familiar     Summ           11%        N/A       13%         3
 Gell's Gravitas          Tloc           11%        N/A       13%         3
 Inner Flame              Hex/Fire       11%        N/A       13%         3
 Summon Guardian Golem    Hex/Summ       11%        N/A       13%         3
 Teleport Other           Tloc           11%        N/A       13%         3
 Dispersal                Tloc           5%         N/A       100%        6


Dungeon Overview and Level Annotations

Branches:
Dungeon (7/15)             Temple (0/1) D:4

Shops:
D:2 ?![

Annotations:
D:3 2 transporters, Stajl's ghost, amateur MiFi


Innate Abilities, Weirdness & Mutations

You have an increased reservoir of magic. (+10% MP)
You shall have no god before yourself.
Your divine heritage dramatically boosts your attributes as you level up.


Message History

You erupt in a blast of force!
The mystic blast hits the centaur warrior!
The centaur warrior is severely wounded.
The mystic blast hits the white ugly thing!
The white ugly thing is heavily wounded.
The white ugly thing is knocked back by the mystic blast.
The white ugly thing collides with the centaur warrior!
The centaur warrior is severely wounded.
The white ugly thing is heavily wounded.
You block the white ugly thing's attack.
Unknown command.
Unknown command.
Casting: Iskenderun's Mystic Blast (dangerous; 8% risk of failure)
Confirm with . or Enter, or press ? or * to list all spells.
You erupt in a blast of force!
The mystic blast hits the centaur warrior.
The centaur warrior is almost dead.
The mystic blast hits the white ugly thing!
The white ugly thing is severely wounded.
The white ugly thing is knocked back by the mystic blast.
The white ugly thing collides with the centaur warrior!
The centaur warrior is almost dead.
The white ugly thing is almost dead.
Unknown command.
Unknown command.
Okay, then.
The white ugly thing closely misses you.
Casting: Iskenderun's Mystic Blast (dangerous; 8% risk of failure)
Confirm with . or Enter, or press ? or * to list all spells.
You miscast Iskenderun's Mystic Blast.
You are very lightly contaminated with residual magic.
Nothing appears to happen.
The white ugly thing barely misses you. The white ugly thing trunk-slaps you.
The white ugly thing freezes you!
Your magical contamination has completely faded away.
The white ugly thing trunk-slaps you. The white ugly thing freezes you!
* * * LOW HITPOINT WARNING * * *
A hound comes into view.
The white ugly thing trunk-slaps you.
* * * LOW HITPOINT WARNING * * *
The white ugly thing freezes you!!
You die...

#..###### #######.########
#..# ♣.♣♣♣♣♣♣♣ ♣ #..#
♣.......♣#♣ ##.#
♣♣♣♣♣♣♣♣♣♣♣♣♣.♣#.
#.#.♣♣♣♣#♣...........♣.♣#.
#.#.....#♣.♣♣♣♣♣♣♣♣♣.♣.♣#.
#.#♣♣♣♣.#♣c♣...c..#♣.♣.♣#.
#.#.....#♣u♣.####.#♣c♣.♣#♣
#.†.♣♣♣..@.♣.#=c'.#♣.♣....
#.#.....#♣.♣.#}u'c#♣.♣.♣#♣
#.#♣♣♣♣.#♣h♣.######♣.♣.♣#.
#.# ..#♣.♣.♣♣♣♣♣♣♣.♣.♣#.
#.# ♣♣♣#♣.♣.........♣.♣#.
#.# ♣.♣♣♣♣♣♣♣♣♣♣♣.♣#. #.#
♣.. ..♣#♣ #.# ♣♣♣ ♣♣♣ ♣


You could see a white ugly thing, a centaur warrior and a hound (wandering).

Vanquished Creatures
  Eustachio (D:4)
  A steam dragon (D:7)
  Menkaure (D:5)
  Edmund (D:4)
  2 water moccasins (D:7)
  A black bear (D:5)
  A sky beast (D:5)
  An orc warrior (D:7)
  An ice beast (D:5)
  A necrophage (D:6)
  3 ogres
  A bullfrog (D:7)
  2 scorpions
  2 water moccasin zombies
  An electric eel (D:7)
  3 vampire bats (D:7)
  3 howler monkeys
  A bullfrog zombie (D:7)
  6 hounds
  A bullfrog skeleton (D:5)
  A gnoll shaman (D:7)
  2 centaur skeletons (D:7)
  3 iguanas
  4 orc wizards
  Natasha (thrice) (D:2)
  2 hound skeletons (D:4)
  6 gnolls
  A howler monkey skeleton (D:6)
  9 adders
  An ufetubus (D:6)
  An adder zombie (D:5)
  2 adder skeletons (D:4)
  2 worms
  2 dart slugs
  21 orcs
  12 ball pythons
  A bat skeleton (D:7)
  6 bat zombies (D:7)
  4 endoplasms
  3 giant cockroaches
  6 goblins
  6 hobgoblins
  3 jackals (D:1)
  5 quokkas
  11 bats
  5 frilled lizards
  4 kobolds
  4 rats
164 creatures vanquished.

Vanquished Creatures (others)
  A fungus (D:2)
  2 plants (D:2)
3 creatures vanquished.

Grand Total: 167 creatures vanquished

Notes
Turn   | Place    | Note
-------+----------+-------------------------------------------
     0 | D:1      | McKennaii the Demigod Conjurer began the quest for the Orb.
     0 | D:1      | Reached XP level 1. HP: 14/14 MP: 5/5
   130 | D:1      | Reached XP level 2. HP: 20/20 MP: 1/7
   342 | D:1      | Reached skill level 4 in Conjurations
   727 | D:1      | Reached XP level 3. HP: 18/26 MP: 1/9
  1632 | D:2      | Found Xifyiw's Antique Armour Emporium.
  1859 | D:2      | Noticed Natasha
  1864 | D:2      | Killed Natasha
  1865 | D:2      | Reached XP level 4. HP: 11/33 MP: 4/11
  1868 | D:2      | Learned a level 2 spell: Searing Ray
  1973 | D:2      | Noticed Natasha
  1977 | D:2      | Killed Natasha
  2009 | D:2      | Noticed Natasha
  2014 | D:2      | Killed Natasha
  2216 | D:2      | Got Plato's Incunabulum of Air
  2563 | D:2      | Found Tucrog's Distillery.
  2606 | D:2      | Bought a potion of degeneration for 13 gold pieces
  2618 | D:2      | Reached XP level 5. HP: 38/38 MP: 10/13
  2797 | D:2      | Found Juyhuj's Magic Scroll Shoppe.
  3122 | D:3      | Reached skill level 5 in Conjurations
  3258 | D:3      | Noticed a necrophage
  3642 | D:3      | Found a transporter.
  3645 | D:3      | Found a transporter.
  3645 | D:3      | Noticed Stajl's ghost (amateur MiFi)
  3856 | D:3      | Reached skill level 1 in Evocations
  4164 | D:4      | Learned a level 4 spell: Iskenderun's Mystic Blast
  4294 | D:4      | Reached XP level 6. HP: 45/45 MP: 12/15
  5184 | D:4      | Found a staircase to the Ecumenical Temple.
  5187 | D:4      | Reached XP level 7. HP: 50/50 MP: 13/17
  5198 | D:4      | Reached skill level 6 in Conjurations
  5608 | D:5      | Entered Level 5 of the Dungeon
  5608 | D:5      | Noticed Eustachio
  5620 | D:4      | Killed Eustachio
  5781 | D:5      | Reached skill level 5 in Spellcasting
  6066 | D:5      | Reached XP level 8. HP: 50/57 MP: 11/19
  6187 | D:5      | Noticed Edmund
  6356 | D:4      | Killed Edmund
  6561 | D:5      | Reached skill level 7 in Conjurations
  6623 | D:5      | Noticed Menkaure
  6629 | D:5      | Killed Menkaure
  6724 | D:5      | Reached skill level 5 in Evocations
  8138 | D:7      | Reached XP level 9. HP: 43/62 MP: 8/22
  8612 | D:7      | Reached skill level 8 in Conjurations
  9011 | D:7      | Noticed a centaur warrior
  9011 | D:7      | Noticed a white ugly thing
  9162 | D:7      | Mangled by a white ugly thing

Illustrated notes

Levels and vault maps discovered:
D:1:      shiori_arrival_maze, layout_basic, serial_bayou_ford_a,
          chequers_serial_rivers_micro_c, chequers_serial_rivers_marsh,
          minmay_pentomino_u4
D:2:      layout_basic, shapermc_ecumenical_altar_rom_forum, serial_shops,
          shop_statue, shop, nicolae_shop_competitors_out_of_business,
          st_stairs_3, grunt_ministairs_1, minmay_cupped, uniq_natasha
D:3:      layout_loops_ring, marbit_many_paths, mainiacjoe_overflow_alcove_2,
          mainiacjoe_overflow_alcove_1, gammafunk_ghost_mausoleum,
          kennysheep_generic_room_15
D:4:      wad_crossroads, layout_basic, mainiacjoe_overflow_small_starburst,
          minmay_temple_entry_sparse_star
D:5:      layout_rooms, general_overflow_altar, uniq_edmund, uniq_eustachio,
          uniq_menkaure
D:6:      layout_loops_cross, overflow_temple_1_default, kennysheep_little_box,
          serial_glass, glass_columns_b, glass_columns_b, item_on_display_a,
          due_unseen_surprise
D:7:      nzn_winding_woodlands_cross
          [nzn_winding_woodlands_5x15_river_crossing,
          nzn_winding_woodlands_5x15_pool,
          nzn_winding_woodlands_5x15_concentric,
          nzn_winding_woodlands_5x15_sidewinder,
          nzn_winding_woodlands_15x15_boxy_spiral], layout_basic,
          kennysheep_vampire_church, pdpol_wu_jian_five_deadly_venoms,
          uniq_maggie

Skill      XL: |  1  2  3  4  5  6  7  8  9 |
---------------+----------------------------+-----
Spellcasting   | 2 3 4 5 6 |  6.9
Conjurations   | 4 5 6 7 8 |  8.2
Evocations     | 1 2 4 5 6 |  6.0
Dodging        | |  1.7
Stealth        | |  1.7

Action                   |  1- 3 |  4- 6 |  7- 9 || total
-------------------------+-------+-------+-------++-------
Melee: Unarmed           |    52 |       |       ||    52
       Punch             |     1 |       |       ||     1
       Trident           |       |     3 |       ||     3
       Flail             |       |       |    29 ||    29
 Cast: Magic Dart        |    74 |   173 |   185 ||   432
       Searing Ray       |       |     5 |    21 ||    26
       Iskenderun's Myst |       |       |    18 ||    18
Armor: Robe              |    14 |     2 |    50 ||    66
Dodge: Dodged            |    58 |    21 |    95 ||   174
Block: Orb               |       |     6 |    34 ||    40
       Reflection        |       |       |     1 ||     1
